 Dungeon Crawl Stone Soup version 0.19.5 (webtiles) character file.

1477 doot the Destroyer (level 8, -8/39 HPs)
             Began as a Tengu Conjurer on May 6, 2017.
             Was an Initiate of Vehumet.
             Mangled by an orc warrior
             ... wielding a +0 short sword
              (14 damage)
             ... on level 6 of the Dungeon.
             The game lasted 00:28:35 (7847 turns).

doot the Destroyer (Tengu Conjurer)                 Turns: 7847, Time: 00:28:35

Health: -8/39      AC: 11    Str:  8    XL:     8   Next: 79%
Magic:  15/15      EV: 10    Int: 28    God:    Vehumet [......]
Gold:   266        SH:  7    Dex: 15    Spells: 5 memorised, 1 level left

rFire  + + .     SeeInvis .     u - +2 flail (protect)
rCold  . . .     Gourm    .     y - +0 leather armour {rPois}
rNeg   . . .     Faith    .     w - +1 shield {AC+3}
rPois  +         Spirit   .     (helmet restricted)
rElec  .         Reflect  .     (no cloak)
rCorr  .         Harm     .     B - +2 pair of gloves
MR     .....     Rnd*Rage +     (boots unavailable)
Stlth  ++........               (no amulet)
                                E - ring of protection from fire
                                x - +5 ring of intelligence

@: brilliant
A: beak, talons 3, icy blue scales 1, berserk 1, fire resistance 1, frail 1,
regeneration 1, subdued magic 1, able to fly 1
a: Fly, Renounce Religion


You were on level 6 of the Dungeon.
You worshipped Vehumet.
Vehumet was noncommittal.
You were very hungry.

You visited 2 branches of the dungeon, and saw 7 of its levels.

You collected 266 gold pieces.

Inventory:

Hand Weapons
 g - a +0 whip
 m - a +0 war axe
 s - a +0 spear
 u - a +2 flail of protection (weapon)
Armour
 a - a +0 robe
 w - a +1 shield of protection (worn)
 y - a +0 leather armour of poison resistance (worn)
 B - a +2 pair of gloves (worn)
Jewellery
 x - a +5 ring of intelligence (left hand)
 E - a ring of protection from fire (right hand)
Wands
 A - a wand of lightning (11/15)
Scrolls
 d - 2 scrolls of teleportation
 e - 2 scrolls of noise {unknown}
 h - 3 scrolls of enchant armour {unknown}
 i - 3 scrolls of fear {unknown}
 k - 3 scrolls of identify
 l - a scroll of immolation {unknown}
 n - 2 scrolls of recharging {unknown}
 C - a scroll of random uselessness {unknown}
 D - a scroll of amnesia {unknown}
Potions
 j - a potion of brilliance
 o - 2 potions of haste {unknown}
 q - 2 potions of degeneration {unknown}
 r - 2 potions of might
 v - a potion of mutation {unknown}
 z - a potion of cure mutation {unknown}
Books
 b - a book of Conjurations

   Spells                             Type                      Level
   a - Magic Dart                     Conjuration                  1
   b - Searing Ray                    Conjuration                  2
   c - Dazzling Spray                 Conjuration/Hexes            3
   d - Fulminant Prism                Conjuration/Hexes            4
   e - Iskenderun's Mystic Blast      Conjuration                  4
   f - Iskenderun's Battlesphere      Conjuration/Charms           5
Comestibles
 c - 4 bread rations
 f - 4 meat rations
 p - 2 beef jerkies
 t - 6 fruits


   Skills:
 + Level 2.1 Fighting
 + Level 2.9(3.0) Axes
 + Level 1.3(2.3) Maces & Flails
 + Level 0.4 Armour
 + Level 3.8 Dodging
 + Level 3.6 Stealth
 + Level 4.5 Spellcasting
 * Level 11.0 Conjurations
 + Level 0.1 Charms


You had one spell level left.
You knew the following spells:

 Your Spells              Type           Power        Failure   Level  Hunger
a - Magic Dart            Conj           ####         1%          1    None
b - Searing Ray           Conj           ######       1%          2    None
c - Dazzling Spray        Conj/Hex       #####.       2%          3    ##.....
d - Iskenderun's Mystic   Conj           ######..     1%          4    ####...
e - Iskenderun's Battles  Conj/Chrm      #####...     38%         5    #####..


Dungeon Overview and Level Annotations

Branches:
Dungeon (6/15)             Temple (1/1) D:5

Altars:
Ashenzari
Cheibriados
Dithmenos
Elyvilon
Fedhas
Hepliaklqana
Kikubaaqudgha
Nemelex Xobeh
Qazlal
Ru
Sif Muna
Trog
Uskayaw
Vehumet
Xom
Yredelemnul

Annotations:
D:6 Grinder


Innate Abilities, Weirdness & Mutations

You have a beak for a mouth.
You have claws for feet.
You can fly.
You are partially covered in icy blue scales. (AC +2)
You tend to lose your temper in combat.
Your flesh is heat resistant. (rF+)
You are frail. (-10% HP)
Your natural rate of healing is unusually fast.
Your spells are a little easier to cast, but a little less powerful.


Message History

You see here a stone.
Casting: Magic Dart
Confirm with . or Enter, or press ? or * to list all spells.
Aiming: Searing Ray
Press: ? - help, Shift-Dir - straight line, f - orc warrior
Aim: an orc warrior, wielding a short sword and wearing a chain mail (lightly wounded)
Okay, then.
Unknown command.
You closely miss the orc warrior. You claw the orc warrior.
The orc warrior is moderately wounded.
Grinder gestures at you. Pain shoots through your body!
The orc warrior throws a stone.
The stone hits you!
* * * LOW HITPOINT WARNING * * *
Evoke which item? (* to show all) (? for menu, Esc to quit)
Okay, then.
It was a potion of brilliance.
You feel clever all of a sudden.
The orc warrior hits you with a short sword!
You die...

........######......># ..#
.............(.......# .#
............(.(......# #
.....................#
..............5(o....#
........#'#.#.#(.oo..###
........#...............
####....#.....##o####......
#....#.....##@o..#......
#....#..... #....#......
#......... ###)###......
###....#... #...........
#......#######..........
#.#.................####
#...................#
#..###.###.#.#.#'####
#..#...#...#.#.....##+####


You could see Grinder, 2 orc warriors, an orc priest and 2 orcs.

Vanquished Creatures
  Edmund (D:5)
  4 sky beasts
  A phantom (D:6)
  An ogre (D:5)
  2 bullfrogs (D:4)
  4 scorpions
  The ghost of Popol the Ducker, a weakling TrFi (D:4)
  A howler monkey (D:4)
  A crimson imp (D:5)
  A jelly (D:4)
  2 orc priests
  An iguana (D:5)
  4 worker ants
  A killer bee zombie (D:6)
  2 adders
  2 oozes (D:2)
  3 worms
  A dart slug (D:3)
  5 leopard geckos
  10 orcs
  2 ball pythons
  6 giant cockroaches
  12 goblins
  11 hobgoblins
  4 jackals (D:2)
  11 kobolds
  3 quokkas
  9 bats
  18 frilled lizards
  A jackal zombie (D:3)
  2 rats
127 creatures vanquished.

Vanquished Creatures (others)
  2 plants (D:2)
2 creatures vanquished.

Grand Total: 129 creatures vanquished

Notes
Turn   | Place    | Note
-------+----------+-------------------------------------------
     0 | D:1      | doot the Tengu Conjurer began the quest for the Orb.
     0 | D:1      | Reached XP level 1. HP: 10/10 MP: 4/4
   304 | D:1      | Reached XP level 2. HP: 15/15 MP: 3/6
   308 | D:1      | Learned a level 2 spell: Searing Ray
   557 | D:1      | Reached skill level 6 in Conjurations
   954 | D:2      | Reached XP level 3. HP: 8/19 MP: 3/7
  1323 | D:2      | Learned a level 3 spell: Dazzling Spray
  1749 | D:2      | Reached XP level 4. HP: 24/24 MP: 6/8
  2014 | D:2      | Reached skill level 7 in Conjurations
  2580 | D:3      | Noticed a sky beast
  2945 | D:3      | Gained mutation: You can fly. [Tengu growth]
  2945 | D:3      | Reached XP level 5. HP: 11/28 MP: 3/9
  4022 | D:3      | Killed a sky beast
  4022 | D:3      | Reached skill level 1 in Axes
  4022 | D:3      | Reached skill level 8 in Conjurations
  4022 | D:3      | Reached XP level 6. HP: 33/33 MP: 5/11
  4026 | D:3      | Gained mutation: You tend to lose your temper in combat. [mutagenic meat]
  4087 | D:3      | Learned a level 4 spell: Iskenderun's Mystic Blast
  4354 | D:4      | Reached skill level 1 in Fighting
  4367 | D:4      | Noticed Popol's ghost (weakling TrFi)
  4473 | D:4      | Killed Popol's ghost
  4783 | D:4      | Reached XP level 7. HP: 24/38 MP: 5/12
  4990 | D:4      | Reached skill level 9 in Conjurations
  5224 | D:4      | Reached skill level 1 in Maces & Flails
  5604 | D:4      | Found a hide-covered altar of Uskayaw.
  5855 | D:5      | Entered Level 5 of the Dungeon
  5865 | D:5      | Gained mutation: You are frail. (-10% HP) [mutagenic meat]
  5866 | D:5      | Gained mutation: Your flesh is heat resistant. (rF+) [mutagenic meat]
  5996 | D:5      | Noticed Edmund
  6243 | D:5      | Reached XP level 8. HP: 39/39 MP: 10/14
  6350 | D:5      | Killed Edmund
  6350 | D:5      | Reached skill level 10 in Conjurations
  6704 | D:5      | Found a staircase to the Ecumenical Temple.
  6777 | Temple   | Entered the Ecumenical Temple
  6884 | Temple   | Became a worshipper of Vehumet
  6995 | D:5      | Learned a level 5 spell: Iskenderun's Battlesphere
  7513 | D:6      | Found a sparkling altar of Nemelex Xobeh.
  7561 | D:6      | Noticed Grinder
  7562 | D:6      | Paralysed by Grinder for 5 turns
  7677 | D:6      | Gained mutation: You are partially covered in icy blue scales. (AC +2) [mutagenic meat]
  7679 | D:6      | Gained mutation: Your natural rate of healing is unusually fast. [mutagenic meat]
  7680 | D:6      | Gained mutation: Your spells are a little easier to cast, but a little less powerful. [mutagenic meat]
  7731 | D:6      | Reached skill level 11 in Conjurations
  7847 | D:6      | Mangled by an orc warrior

Skill      XL: |  1  2  3  4  5  6  7  8 |
---------------+-------------------------+-----
Conjurations   | 6 7 8 9 11 | 11.0
Axes           | 1 2 |  2.9
Fighting       | 1 2 |  2.1
Stealth        | 3 |  3.6
Spellcasting   | 3 4 |  4.5
Maces & Flails | 1 |  1.3
Dodging        | 3 |  3.8
Armour         | |  0.4
Charms         | |  0.1

Action                   |  1- 3 |  4- 6 |  7- 9 || total
-------------------------+-------+-------+-------++-------
Melee: Whip              |    36 |     3 |       ||    39
       Kick              |     6 |     5 |     2 ||    13
       Peck              |     2 |     3 |       ||     5
       Spear             |       |     2 |       ||     2
       War axe           |       |    24 |     4 ||    28
       Flail             |       |       |    13 ||    13
 Cast: Magic Dart        |    47 |    46 |    26 ||   119
       Searing Ray       |     5 |    16 |    23 ||    44
       Iskenderun's Myst |       |     1 |     7 ||     8
       Iskenderun's Batt |       |       |     1 ||     1
 Abil: Fly               |       |     2 |       ||     2
  Use: Potion            |       |     1 |     1 ||     2
       Scroll            |       |       |     6 ||     6
 Stab: Sleeping          |     1 |       |       ||     1
  Eat: Chunk             |     4 |    11 |    15 ||    30
       Royal jelly       |       |       |     1 ||     1
Armor: Robe              |     5 |     4 |     3 ||    12
       Leather armour    |       |       |    12 ||    12
Dodge: Dodged            |    26 |    38 |    18 ||    82
Block: Shield            |       |       |     5 ||     5
